Map: Catalyst LE

Players

Litendarknes

  • Race: Terran Terran
  • League: Silver
  • Spawn Location: 5:00

CinDra - Winner!

  • Race: Zerg Zerg
  • League: Silver
  • Spawn Location: 11:00

VOD

Have the link to the VOD?

Description

Time

  • Played on: Feb. 12, 2018, 10:22 p.m.
  • Length: 20:11
Show
View Real Time Build Order
Export as new Build Order

Litendarknes Terran 

Build Orders:  

Get SALT Encoding   

  12  0:09  SCV  
  13  0:20  Supply Depot  
  13  0:21  SCV  
  14  0:34  SCV  
  15  0:43  Supply Depot  
  15  0:46  SCV  
  16  0:54  Supply Depot  
  16  0:58  SCV  
  17  1:13  Barracks  
  17  1:14  SCV  
  18  1:22  Refinery  
  18  1:44  Command Center, SCV  
  19  2:11  Bunker  
  19  2:12  SCV  
  20  2:17  Marine  
  21  2:24  SCV  
  22  2:34  Marine  
  23  2:51  Barracks  
  23  2:52  Marine, Orbital Command  
  24  3:10  Refinery, Marine  
  25  3:21  SCV  
  26  3:29  Barracks Reactor  
  26  3:33  SCV  
  27  3:40  Barracks Tech Lab  
  27  3:45  SCV, Factory  
  27  3:46  SCV  
  29  3:53  Refinery  
  29  3:55  Refinery  
  29  3:57  SCV  
  29  3:58  SCV  
  31  4:04  Reaper  
  31  4:07  Reaper  
  31  4:09  SCV  
  34  4:13  Reaper  
  35  4:21  SCV, Supply Depot  
  36  4:33  SCV  
  36  4:36  Reaper  
  38  4:40  Reaper  
  39  4:45  SCV, Reaper  
  39  4:46  SCV  
  39  4:47  Factory Tech Lab  
  42  4:56  Supply Depot  
  42  4:57  Supply Depot  
  42  4:58  SCV  
  43  5:02  SCV  
  44  5:10  SCV  
  44  5:11  Reaper  
  44  5:12  Reaper  
  44  5:13  Siege Tank  
  44  5:14  SCV  
  51  5:18  Reaper  
  52  5:22  SCV  
  53  5:30  Starport, Supply Depot  
  53  5:34  SCV  
  54  5:45  Siege Tank  
  54  5:46  SCV  
  58  5:51  Reaper  
  58  5:52  Reaper  
  58  5:53  Reaper  
  61  5:59  Supply Depot  
  61  6:17  Starport Reactor  
  61  6:23  Starport, Reaper  
  61  6:24  Reaper  
  61  6:25  Reaper  
  64  6:27  Engineering Bay  
  64  6:45  SCV  
  65  6:55  Reaper  
  65  6:56  Reaper  
  65  6:57  Reaper  
  65  6:59  Medivac  
  70  7:13  Starport, Starport Tech Lab, Missile Turret  
  70  7:23  Armory  
  70  7:28  Hi-Sec Auto Tracking  
  70  7:29  Reaper  
  71  7:32  Missile Turret  
  71  7:40  Missile Turret  
  71  7:45  Marine  
  71  7:48  Combat Shields  
  72  7:52  Marine  
  72  7:55  Starport Tech Lab  
  73  8:00  Marine, Viking x3  
  73  8:03  Marine  
  81  8:10  Marine  
  82  8:14  Command Center  
  82  8:18  Marine  
  83  8:21  Marine  
  84  8:27  Marine  
  84  8:30  Viking x3  
  84  8:33  Orbital Command  
  91  8:36  Marine  
  91  8:38  Marine  
  93  8:45  Marine  
  86  8:56  Marine  
  86  8:59  Siege Tank  
  86  9:00  Viking  
  81  9:04  Marine x2  
  83  9:11  Terran Vehicle And Ship Armor Level 1  
  83  9:12  Viking  
  83  9:14  Marine, Viking  
  83  9:16  Viking  
  90  9:21  Marine  
  90  9:22  Marine  
  92  9:32  Marine  
  93  9:39  Marine x2  
  93  9:42  Viking  
  93  9:44  Viking  
  99  9:46  Missile Turret  
  99  10:40  Marine x3, Fusion Core  
  102  10:58  Marine x3  
  105  11:16  Marine x3  
  100  11:29  Battlecruiser  
  106  11:34  Marine x3  
  107  11:52  Marine  
  98  12:22  Marine x3  
  87  12:25  Terran Infantry Armor Level 1  
  87  12:36  Battlecruiser  
  93  12:37  Battlecruiser  
  93  12:39  Marine  
  93  12:40  Marine x2  
  102  12:46  Viking x2  
  101  12:57  Marine x2  
  101  12:58  Marine  
  103  13:15  Marine x3  
  103  13:16  Viking x2  
  103  13:17  Bunker  
  110  13:35  Siege Tank  
  110  13:37  Marine x2  
  115  13:46  Viking x2  
  119  13:55  Marine x2  
  121  14:12  Marine  
  121  14:13  Marine  
  121  14:16  Viking x2  
  127  14:19  Terran Infantry Weapons Level 1  
  127  14:30  Marine x2  
  129  14:34  Battlecruiser  
  129  14:35  Battlecruiser  
  141  14:45  Medivac  
  141  14:46  Medivac  
  141  14:48  Marine x3  
  136  15:16  Marine x3  
  131  15:34  Marine x2  
  112  16:01  Marine x3  
  115  16:10  Supply Depot  
  115  16:13  Neosteel Frame, Supply Depot  
  115  16:19  Marine x3  
  110  16:37  Marine x2  
  108  16:50  Ghost Academy  
  108  16:51  Barracks Tech Lab  
  107  16:55  Marine x2  
  109  17:12  Marine x2  
  111  17:20  Refinery, SCV  
  112  17:30  Marine x2  
  112  17:32  Building Armor, SCV  
  115  17:37  Factory Tech Lab  
  115  17:38  Ghost  
  117  18:07  Command Center  
  117  18:10  SCV  
  118  18:19  Refinery  
  115  18:34  Marine x2  
  109  18:52  Marine x2  
  106  19:07  Marine  
  90  19:10  Marine x2  
  90  19:25  Marine  
  90  19:27  Marine x2  
  93  19:43  Marine  
  94  19:45  Marine x2  
Show
View Real Time Build Order
Export as new Build Order

CinDra Zerg - Winner!

Build Orders: Hatch First 

Get SALT Encoding   

  12  0:01  Drone  
  13  0:12  Overlord  
  13  0:17  Drone  
  14  0:31  Drone x2  
  16  0:38  Drone  
  17  0:47  Drone  
  18  1:01  Hatchery, Drone  
  18  1:08  Drone  
  19  1:17  Drone  
  20  1:23  Spawning Pool  
  20  1:25  Extractor  
  18  1:28  Drone  
  19  1:39  Drone  
  20  1:51  Overlord  
  20  2:00  Drone  
  21  2:10  Queen  
  21  2:14  Zergling x4  
  21  2:15  Queen  
  27  2:22  Drone  
  28  2:26  Drone  
  29  2:33  Drone  
  30  2:40  Drone, Roach Warren  
  30  2:46  Drone x2  
  30  2:50  Queen  
  34  2:59  Drone x2  
  34  3:04  Overlord  
  36  3:07  Metabolic Boost  
  36  3:11  Extractor  
  35  3:16  Drone  
  35  3:23  Lair  
  35  3:30  Drone  
  35  3:31  Drone x5  
  35  3:32  Drone, Overlord  
  42  3:46  Drone  
  43  3:48  Overlord  
  43  3:51  Drone  
  43  3:52  Drone  
  47  3:55  Roach  
  47  4:12  Roach x6  
  47  4:13  Overlord x2  
  59  4:29  Hatchery  
  58  4:42  Glial Reconstitution  
  58  4:44  Pneumatized Carapace  
  58  4:49  Zergling x4, Drone x4  
  58  4:50  Zergling x10  
  69  4:55  Overlord  
  69  5:06  Extractor  
  68  5:09  Extractor  
  67  5:27  Overseer  
  67  5:36  Drone, Overlord x2  
  67  5:37  Drone x5  
  73  5:55  Spore Crawler  
  72  5:59  Spire  
  72  6:01  Drone x11  
  82  6:16  Overseer x3  
  82  6:25  Drone x2  
  84  6:26  Zergling x10  
  89  6:44  Roach  
  89  6:45  Roach x7  
  89  6:46  Overlord  
  105  7:13  Mutalisk x4  
  105  7:14  Overlord x3  
  113  7:21  Extractor  
  112  7:23  Extractor  
  112  7:26  Zerg Flyer Weapons Level 1  
  112  7:27  Evolution Chamber  
  110  7:30  Evolution Chamber  
  110  7:32  Mutalisk  
  110  7:33  Mutalisk x3  
  117  7:37  Overlord x3  
  117  7:39  Roach x3  
  117  7:42  Drone x3  
  126  7:51  Drone x7  
  127  7:52  Overlord x3  
  133  8:15  Zerg Ground Armor Level 1, Zerg Missile Weapons Level 1  
  133  8:21  Infestation Pit  
  133  8:25  Drone x3  
  133  8:26  Drone x4  
  139  8:27  Drone  
  139  8:28  Drone  
  128  9:10  Queen  
  130  9:40  Zerg Flyer Armor Level 1  
  130  10:06  Mutalisk x4  
  138  10:08  Corruptor  
  138  10:09  Corruptor x12  
  138  10:12  Overlord  
  138  10:13  Overlord  
  138  10:14  Roach x3  
  166  10:25  Roach x4  
  166  10:26  Roach  
  176  10:39  Zerg Missile Weapons Level 2  
  176  10:42  Hive  
  176  11:03  Roach  
  188  11:04  Roach x10  
  188  11:05  Overlord x7  
  191  12:07  Overlord x4  
  191  12:11  Zerg Flyer Weapons Level 2  
  187  12:18  Mutalisk  
  185  12:38  Zerg Ground Armor Level 2  
  184  13:15  Queen  
  186  13:20  Mutalisk x6  
  186  13:21  Mutalisk  
  200  13:32  Hatchery  
  199  14:03  Zerg Missile Weapons Level 3  
  199  14:26  Zerg Flyer Armor Level 2  
  199  14:27  Zergling x2  
  198  15:16  Roach  
  192  16:01  Roach x2  
  192  16:02  Roach x2  
  194  16:41  Mutalisk x2  
  194  16:42  Mutalisk  
  200  17:09  Zerg Ground Armor Level 3  
  200  17:10  Zerg Flyer Weapons Level 3  
  200  17:19  Extractor  
  200  17:21  Extractor  
  196  19:21  Mutalisk x3  
  196  19:22  Mutalisk  
  200  19:43  Hatchery  
Tags
 
Matchup
TvZ
Spawn Locations
Cross Positions
Add a new tag
Caveats
  • Supply blocks, unpowered buildings, or Contaminate may cause inaccurate times.
  • Supply counts are checked every 10 seconds.